General information
- name: BNet
- type: Ladder team game (AT/RT)
- host: Battle.net
- saver: TheLastMan
map: Battleground
- players: 8
- length: 28:30
- speed: Fast
- version: 1.28 W3XP
- replay type: Public
» download(239 KB)
Players
team 1 (winner)
Anewlife (
yellow | 76 APM | 2074 actions | 27:08)
5 Mountain King
3 Storm Bolt
2 Bash
» actions
| Assign group hotkey | 23 | |
| Basic commands | 48 | |
| Build / train | 73 | |
| Enter build submenu | 19 | |
| Enter hero's abilities submenu | 5 | |
| Remove unit from queue | 3 | |
| Right click | 893 | |
| Select / deselect | 672 | |
| Select group hotkey | 275 | |
| Use ability | 63 | |
2074 total
» units
| Peasant | 17 | |
| Rifleman | 19 | |
| Mortar Team | 7 | |
| Forest Troll Shadow Priest | 1 | |
44 total
» upgrades
| Gunpowder | 2 | |
| Armor | 2 | |
| Flare | 1 | |
| Long Rifles | 1 | |
| Fragmentation Shards | 1 | |
7 total
» buildings
| Barracks | 1 | |
| Farm | 9 | |
| Blacksmith | 1 | |
| Altar of Kings | 1 | |
| Scout Tower | 2 | |
| Arcane Vault | 1 | |
| Keep | 1 | |
| Workshop | 2 | |
| Castle | 1 | |
19 total
» build order
00:57 Barracks
01:01 Farm
01:07 Blacksmith
01:20 Altar of Kings
01:58 Farm
02:36 Scout Tower
02:42 Scout Tower
02:49 Farm
03:01 Arcane Vault
05:27 Farm
05:29 Keep
05:35 Farm
06:22 Farm
07:36 Farm
07:53 Workshop
07:55 Workshop
10:03 Farm
11:56 Farm
15:27 Castle
» items
| Scroll of Regeneration | 5 | |
| Potion of Healing | 3 | |
| Lesser Clarity Potion | 2 | |
| Scroll of Town Portal | 1 | |
11 total
el-padre (
purple | 46 APM | 1078 actions | 23:15)
4 Dreadlord
2 Vampiric Aura
2 Carrion Swarm
1 Death Knight
1 Death Coil
» actions
| Assign group hotkey | 12 | |
| Basic commands | 25 | |
| Build / train | 66 | |
| Enter build submenu | 37 | |
| Enter hero's abilities submenu | 5 | |
| Give item / drop item | 2 | |
| Remove unit from queue | 2 | |
| Right click | 588 | |
| Select / deselect | 232 | |
| Select group hotkey | 54 | |
| Use ability | 55 | |
1078 total
» units
| Acolyte | 9 | |
| Ghoul | 22 | |
| Gargoyle | 2 | |
| Frost Wyrm | 3 | |
36 total
» upgrades
| Unholy Armor | 1 | |
| Unholy Strength | 1 | |
| Freezing Breath | 1 | |
3 total
» buildings
| Ziggurat | 9 | |
| Crypt | 2 | |
| Altar of Darkness | 1 | |
| Tomb of Relics | 1 | |
| Halls of the Dead | 2 | |
| Graveyard | 1 | |
| Slaughterhouse | 2 | |
| Sacrificial Pit | 1 | |
| Black Citadel | 5 | |
| Necropolis | 11 | |
| Boneyard | 3 | |
38 total
» build order
00:22 Ziggurat
00:25 Crypt
00:38 Crypt
00:58 Ziggurat
01:33 Altar of Darkness
02:44 Ziggurat
03:29 Tomb of Relics
04:32 Ziggurat
06:54 Halls of the Dead
06:57 Graveyard
08:43 Ziggurat
13:02 Slaughterhouse
13:04 Slaughterhouse
14:04 Sacrificial Pit
14:05 Black Citadel
14:05 Black Citadel
14:06 Black Citadel
14:06 Black Citadel
14:14 Ziggurat
14:22 Ziggurat
14:24 Ziggurat
14:25 Ziggurat
16:19 Necropolis
16:38 Boneyard
16:50 Boneyard
16:52 Boneyard
17:45 Necropolis
18:49 Necropolis
19:04 Necropolis
19:08 Necropolis
19:11 Necropolis
19:15 Necropolis
19:20 Necropolis
19:23 Necropolis
19:39 Necropolis
21:18 Necropolis
» items

»
lemoncheddar (
green | 29 APM | 649 actions | 22:37)
5 Death Knight
3 Death Coil
2 Unholy Aura
» actions
| Assign group hotkey | 22 | |
| Build / train | 51 | |
| Enter build submenu | 18 | |
| Enter hero's abilities submenu | 5 | |
| Right click | 162 | |
| Select / deselect | 177 | |
| Select group hotkey | 176 | |
| Use ability | 38 | |
649 total
» units
| Acolyte | 5 | |
| Ghoul | 6 | |
| Crypt Fiend | 7 | |
| Obsidian Statue | 2 | |
| Gargoyle | 2 | |
| Frost Wyrm | 4 | |
| Abomination | 5 | |
31 total
» upgrades
| Creature Attack | 1 | |
| Creature Carapace | 1 | |
| Web | 1 | |
| Freezing Breath | 1 | |
| Disease Cloud | 1 | |
| Unholy Strength | 1 | |
6 total
» buildings
| Altar of Darkness | 1 | |
| Ziggurat | 10 | |
| Crypt | 1 | |
| Graveyard | 1 | |
| Tomb of Relics | 1 | |
| Halls of the Dead | 1 | |
| Slaughterhouse | 2 | |
| Black Citadel | 1 | |
| Sacrificial Pit | 1 | |
| Boneyard | 2 | |
| Necropolis | 1 | |
| Spirit Tower | 3 | |
25 total
» build order
00:08 Altar of Darkness
00:10 Ziggurat
00:25 Crypt
01:08 Graveyard
01:20 Ziggurat
01:44 Tomb of Relics
03:52 Halls of the Dead
05:00 Ziggurat
05:01 Ziggurat
06:34 Slaughterhouse
07:06 Black Citadel
08:15 Sacrificial Pit
09:51 Boneyard
10:54 Boneyard
10:58 Ziggurat
10:59 Ziggurat
11:01 Ziggurat
16:48 Necropolis
17:08 Ziggurat
17:10 Ziggurat
17:11 Ziggurat
18:02 Spirit Tower
18:05 Spirit Tower
18:21 Spirit Tower
19:00 Slaughterhouse
» items
| Rod of Necromancy | 1 | |
| Sacrificial Skull | 1 | |
| Scroll of Town Portal | 1 | |
3 total
Lucky-Strike (
blue | 60 APM | 1717 actions | 28:30)
5 Blademaster
3 Wind Walk
2 Critical Strike
» actions
| Assign group hotkey | 67 | |
| Basic commands | 193 | |
| Build / train | 66 | |
| Enter build submenu | 43 | |
| Enter hero's abilities submenu | 5 | |
| Give item / drop item | 3 | |
| Remove unit from queue | 1 | |
| Right click | 685 | |
| Select / deselect | 348 | |
| Select group hotkey | 146 | |
| Use ability | 160 | |
1717 total
» units
| Peon | 14 | |
| Grunt | 6 | |
| Troll Batrider | 4 | |
| Wind Rider | 16 | |
40 total
» upgrades
| Armor | 3 | |
| Reinforced Defenses | 1 | |
| Ranged Weapons | 3 | |
| Envenomed Spears | 1 | |
8 total
» buildings
| Orc Burrow | 5 | |
| Altar of Storms | 1 | |
| Barracks | 1 | |
| Voodoo Lounge | 1 | |
| Stronghold | 1 | |
| War Mill | 2 | |
| Fortress | 1 | |
| Beastiary | 4 | |
| Great Hall | 1 | |
| Watch Tower | 27 | |
44 total
» build order
00:12 Orc Burrow
00:48 Orc Burrow
01:04 Altar of Storms
01:08 Barracks
01:42 Voodoo Lounge
02:49 Stronghold
04:00 War Mill
04:17 Orc Burrow
06:20 Fortress
06:52 Beastiary
06:53 Beastiary
06:57 Beastiary
07:30 Orc Burrow
09:21 Great Hall
11:00 Watch Tower
11:01 Watch Tower
11:02 Watch Tower
11:02 Watch Tower
12:49 Watch Tower
12:50 Watch Tower
12:51 Watch Tower
12:55 Watch Tower
12:56 Watch Tower
12:58 Watch Tower
12:59 Watch Tower
13:04 Watch Tower
13:47 Orc Burrow
13:51 Watch Tower
13:53 Watch Tower
13:55 Watch Tower
14:01 Watch Tower
14:11 War Mill
15:20 Watch Tower
15:21 Watch Tower
15:22 Watch Tower
18:46 Beastiary
22:29 Watch Tower
22:30 Watch Tower
22:30 Watch Tower
22:32 Watch Tower
22:33 Watch Tower
22:38 Watch Tower
22:39 Watch Tower
22:41 Watch Tower
» items
| Healing Salve | 4 | |
| Staff of Teleportation | 1 | |
| Periapt of Vitality | 1 | |
| Potion of Lesser Invulnerability | 1 | |
| Orb of Lightning | 1 | |
| Scroll of Town Portal | 1 | |
9 total
team 2 (loser)

»
mad_pig (
teal | 56 APM | 346 actions | 06:13)
1 Archmage
1 Summon Water Elemental
» actions
| Assign group hotkey | 3 | |
| Basic commands | 19 | |
| Build / train | 22 | |
| Enter build submenu | 14 | |
| Enter hero's abilities submenu | 1 | |
| Right click | 132 | |
| Select / deselect | 130 | |
| Select group hotkey | 3 | |
| Use ability | 21 | |
346 total
» units
» upgrades
» buildings
| Altar of Kings | 1 | |
| Farm | 8 | |
| Blacksmith | 1 | |
| Barracks | 1 | |
| Lumber Mill | 1 | |
| Arcane Vault | 1 | |
13 total
» build order
00:24 Altar of Kings
00:38 Farm
00:55 Blacksmith
01:14 Farm
01:50 Farm
02:01 Barracks
02:14 Lumber Mill
02:34 Farm
03:15 Farm
03:57 Farm
04:15 Arcane Vault
04:36 Farm
05:16 Farm
» items

»
GBD (
pink | 48 APM | 285 actions | 05:58)
2 Tauren Chieftain
1 War Stomp
1 Endurance Aura
» actions
| Assign group hotkey | 10 | |
| Basic commands | 7 | |
| Build / train | 22 | |
| Enter build submenu | 7 | |
| Enter hero's abilities submenu | 2 | |
| Remove unit from queue | 1 | |
| Right click | 61 | |
| Select / deselect | 64 | |
| Select group hotkey | 92 | |
| Use ability | 19 | |
285 total
» units
» buildings
| Altar of Storms | 1 | |
| Orc Burrow | 3 | |
| Barracks | 1 | |
| Voodoo Lounge | 1 | |
| War Mill | 1 | |
| Stronghold | 1 | |
8 total
» build order
00:08 Altar of Storms
00:21 Orc Burrow
00:35 Barracks
01:32 Orc Burrow
01:49 Voodoo Lounge
02:52 Orc Burrow
04:01 War Mill
04:45 Stronghold
» items
| Healing Salve | 1 | |
| Lesser Clarity Potion | 1 | |
2 total
TheLastMan (
orange | 109 APM | 3094 actions | 28:30)
7 Archmage
3 Summon Water Elemental
3 Brilliance Aura
1 Mass Teleport
4 Mountain King
2 Storm Bolt
2 Bash
» actions
| Assign group hotkey | 104 | |
| Basic commands | 93 | |
| Build / train | 222 | |
| ESC pressed | 1 | |
| Enter build submenu | 91 | |
| Enter hero's abilities submenu | 11 | |
| Give item / drop item | 2 | |
| Right click | 976 | |
| Select / deselect | 611 | |
| Select group hotkey | 564 | |
| Use ability | 419 | |
3094 total
» units
| Peasant | 20 | |
| Footman | 7 | |
| Rifleman | 15 | |
| Priest | 1 | |
| Sorceress | 1 | |
| Spell Breaker | 4 | |
48 total
» upgrades
| Defend | 1 | |
| Masonry | 7 | |
| Gunpowder | 4 | |
| Long Rifles | 1 | |
| Armor | 5 | |
| Priest Training | 2 | |
| Sorceress Training | 2 | |
| Plating | 2 | |
| Swords | 1 | |
25 total
» buildings
| Farm | 9 | |
| Altar of Kings | 1 | |
| Barracks | 1 | |
| Lumber Mill | 1 | |
| Arcane Vault | 1 | |
| Scout Tower | 67 | |
| Keep | 2 | |
| Guard Tower | 73 | |
| Blacksmith | 1 | |
| Castle | 5 | |
| Arcane Sanctum | 2 | |
| Town Hall | 1 | |
| Arcane Tower | 4 | |
168 total
» build order
01:11 Farm
01:13 Altar of Kings
01:15 Barracks
01:18 Farm
01:32 Farm
01:47 Lumber Mill
01:58 Arcane Vault
02:08 Farm
03:03 Farm
03:07 Scout Tower
04:16 Keep
04:17 Keep
04:19 Guard Tower
04:19 Guard Tower
04:19 Guard Tower
04:58 Blacksmith
06:21 Scout Tower
06:22 Scout Tower
06:27 Scout Tower
06:34 Scout Tower
06:47 Scout Tower
06:47 Scout Tower
06:48 Scout Tower
06:48 Scout Tower
06:49 Scout Tower
06:50 Scout Tower
06:51 Scout Tower
06:54 Scout Tower
06:57 Guard Tower
06:57 Guard Tower
07:04 Castle
07:04 Castle
07:04 Castle
07:10 Guard Tower
07:10 Guard Tower
07:14 Scout Tower
07:19 Scout Tower
07:19 Scout Tower
07:20 Scout Tower
07:20 Scout Tower
07:21 Scout Tower
07:22 Scout Tower
07:36 Scout Tower
07:40 Scout Tower
07:42 Scout Tower
08:03 Guard Tower
08:03 Guard Tower
08:11 Scout Tower
08:12 Scout Tower
08:14 Scout Tower
08:16 Scout Tower
08:20 Scout Tower
08:21 Scout Tower
08:21 Scout Tower
08:26 Guard Tower
08:26 Guard Tower
08:27 Guard Tower
08:52 Guard Tower
08:52 Guard Tower
08:52 Guard Tower
08:54 Guard Tower
08:54 Guard Tower
09:16 Scout Tower
09:20 Scout Tower
09:20 Scout Tower
09:22 Scout Tower
09:43 Guard Tower
09:44 Guard Tower
09:44 Guard Tower
09:45 Scout Tower
09:45 Scout Tower
09:47 Scout Tower
09:50 Scout Tower
09:52 Scout Tower
09:54 Scout Tower
09:54 Scout Tower
09:55 Scout Tower
09:57 Scout Tower
10:00 Scout Tower
10:11 Guard Tower
10:11 Guard Tower
10:11 Guard Tower
10:11 Guard Tower
10:11 Guard Tower
10:12 Guard Tower
10:13 Guard Tower
10:13 Guard Tower
10:13 Guard Tower
10:14 Guard Tower
10:15 Guard Tower
10:38 Guard Tower
10:38 Guard Tower
10:39 Guard Tower
10:43 Guard Tower
10:44 Guard Tower
11:54 Scout Tower
11:57 Scout Tower
12:00 Guard Tower
12:00 Guard Tower
12:01 Castle
12:01 Castle
12:04 Scout Tower
12:05 Scout Tower
12:30 Farm
12:31 Farm
12:31 Guard Tower
12:31 Guard Tower
13:55 Guard Tower
14:16 Scout Tower
14:17 Scout Tower
14:51 Farm
15:34 Farm
16:37 Guard Tower
16:37 Guard Tower
16:38 Guard Tower
18:44 Arcane Sanctum
18:48 Arcane Sanctum
20:37 Scout Tower
20:38 Scout Tower
20:42 Scout Tower
20:44 Scout Tower
20:46 Scout Tower
21:03 Guard Tower
21:04 Guard Tower
21:10 Scout Tower
21:11 Guard Tower
21:12 Guard Tower
21:12 Guard Tower
21:14 Scout Tower
21:16 Scout Tower
21:17 Guard Tower
21:17 Guard Tower
21:17 Guard Tower
21:23 Scout Tower
21:49 Guard Tower
21:50 Guard Tower
21:50 Guard Tower
21:50 Guard Tower
21:50 Guard Tower
21:50 Guard Tower
22:17 Guard Tower
22:17 Guard Tower
22:17 Guard Tower
22:22 Town Hall
22:25 Scout Tower
22:25 Scout Tower
22:26 Guard Tower
22:26 Guard Tower
22:26 Guard Tower
22:33 Scout Tower
22:35 Scout Tower
22:41 Scout Tower
23:15 Guard Tower
23:15 Guard Tower
23:16 Guard Tower
23:16 Guard Tower
23:19 Scout Tower
23:19 Scout Tower
23:20 Scout Tower
23:52 Arcane Tower
23:52 Arcane Tower
23:53 Arcane Tower
23:53 Arcane Tower
23:54 Guard Tower
23:54 Guard Tower
23:55 Guard Tower
23:55 Guard Tower
23:56 Guard Tower
» items
| Scroll of Regeneration | 11 | |
| Mechanical Critter | 6 | |
| Orb of Fire | 1 | |
| Staff of Sanctuary | 1 | |
| Potion of Healing | 1 | |
| Scroll of Town Portal | 2 | |
| Boots of Speed | 1 | |
| Periapt of Vitality | 1 | |
24 total

»
site187g (
red | 75 APM | 460 actions | 06:09)
3 Archmage
2 Summon Water Elemental
1 Brilliance Aura
» actions
| Assign group hotkey | 10 | |
| Basic commands | 18 | |
| Build / train | 22 | |
| Enter build submenu | 14 | |
| Enter hero's abilities submenu | 3 | |
| Right click | 123 | |
| Select / deselect | 97 | |
| Select group hotkey | 143 | |
| Use ability | 30 | |
460 total
» units
» upgrades
» buildings
| Blacksmith | 1 | |
| Altar of Kings | 1 | |
| Farm | 5 | |
| Barracks | 1 | |
| Arcane Vault | 1 | |
| Lumber Mill | 1 | |
| Keep | 1 | |
11 total
» build order
00:27 Blacksmith
00:54 Altar of Kings
01:05 Farm
01:27 Barracks
01:37 Farm
02:08 Arcane Vault
02:16 Farm
02:40 Lumber Mill
04:27 Keep
05:07 Farm
05:50 Farm
» items
Chat log
(00:04 / Allies) GBD: hi
(00:08 / Allies) mad_pig: hi
(00:35 / Allies) mad_pig: rifles mortars
(00:40 / Allies) site187g: rifles to tanks
(00:44 / Allies) GBD: i can melee cast
(05:06 / Allies) GBD: two
(05:07 / Allies) mad_pig: ok
(05:30 / Allies) GBD: its cool i dont need units or hero
(05:35 / Allies) TheLastMan: aight
(05:55 / Allies) GBD: nope this was real useful game
(06:07 / All) el-padre: gg
(07:50 / All) el-padre: gg
(07:53 / All) TheLastMan: gg
(07:56 / All) TheLastMan: out
(10:34 / All) el-padre: zzz
(13:03 / All) TheLastMan: out
(13:49 / All) el-padre: lol
(16:13 / All) TheLastMan: out
(16:30 / All) TheLastMan: wyrms vs mass rifle LOL
(16:35 / All) TheLastMan: idiot
(16:44 / All) lemoncheddar: yea Im real dumb
(16:47 / All) TheLastMan: you are
(16:50 / All) TheLastMan: so leave my game
(16:52 / All) TheLastMan: and give me my hard earned win
(17:04 / All) el-padre: u have 0% chance to win though
(17:08 / All) el-padre: we are toying with u now
(17:13 / All) TheLastMan: no you aren't
(17:15 / All) TheLastMan: yo uare being tked
(17:16 / All) TheLastMan: and 1v4ed
(17:19 / All) el-padre: i havent even attacked you haha
(17:38 / All) el-padre: and eithe has blue
(17:38 / All) TheLastMan: and how's that working out for you
(17:40 / All) TheLastMan: not great it looks like
(17:42 / All) el-padre: good
(18:26 / All) TheLastMan: unsummon that green
(18:37 / All) TheLastMan: cancel those towers son
(22:13 / All) TheLastMan: lol
(22:14 / All) TheLastMan: out
(22:43 / All) TheLastMan: that a boy
(22:44 / All) TheLastMan: leave
(23:22 / All) TheLastMan: LOL
(27:14 / All) TheLastMan: lol!
(27:21 / All) Lucky-Strike: lol
(27:25 / All) TheLastMan: this game was a lot easier than it should have been
(27:29 / All) TheLastMan: your team put up almost no fight
(27:29 / All) Lucky-Strike: yeah
(27:37 / All) Lucky-Strike: I was able to attack yellow without ud helping him
(27:51 / All) Lucky-Strike: when they leave really fast like that it's hard
(27:51 / All) TheLastMan: your team lose I say
(27:54 / All) TheLastMan: mine just left instantly
(27:56 / All) TheLastMan: pussies
(27:56 / All) Lucky-Strike: lets stats
(28:05 / All) TheLastMan: 54-46 teal shocking
(28:11 / All) TheLastMan: 46-40 pink wtd
(28:12 / All) TheLastMan: wtf
(28:18 / All) TheLastMan: 1816-1920 red
(28:22 / All) TheLastMan: how the hell is half my team above 50%
(28:25 / All) Lucky-Strike: your team better recs also pussies that quit easy
(28:28 / All) TheLastMan: yeah